 Dungeon Crawl Stone Soup version 0.27-a0-460-g297a19d (webtiles) character file.

Game seed: 9236130253915215495

149250 GeorgeSoros the Opulent (level 17, -4/131 HPs)
             Began as a Gnoll Wanderer on Feb 28, 2021.
             Was an Initiate of Gozag.
             Slain by a wolf spider (9 damage)
             ... on level 1 of the Spider Nest.
             The game lasted 03:51:50 (41376 turns).

GeorgeSoros the Opulent (Gnoll Wanderer)           Turns: 41376, Time: 03:51:51

Health: -4/131     AC: 22    Str: 15    XL:     17   Next: 21%
Magic:  32/32      EV: 14    Int: 21    God:    Gozag
Gold:   8639       SH:  0    Dex: 12    Spells: 12/39 levels left

rFire    . . .     SeeInvis .   W - +8 whip "Snakebite" {curare, rPois}
rCold    + . .     Faith    .   a - +2 buckler {AC+3}
rNeg     . . .     Spirit   .   y - +4 scale mail {rC+}
rPois    +         Reflect  +   (no helmet)
rElec    .         Harm     .   U - +0 cloak
rCorr    .         Rampage  .   T - +0 pair of gloves
Will     +....                  x - +2 pair of boots
Stlth    +.........             V - amulet of reflection
HPRegen  0.31/turn              O - +6 ring of intelligence
MPRegen  0.23/turn              L - ring of wizardry

@: confused, berserk cooldown, very slightly contaminated, slowed, invisible,
very slow
A: distributed training, fangs 1, strong nose
}: 1/15 runes: barnacled
a: Renounce Religion, Potion Petition, Call Merchant, Bribe Branch


You were on level 1 of the Spider Nest.
You worshipped Gozag.
Gozag was greatly pleased with you.
You visited 5 branches of the dungeon, and saw 27 of its levels.
You also visited: Bailey and Ice Cave.

You collected 10000 gold pieces.
You spent 1246 gold pieces at shops.
You paid 115 gold pieces to Gozag.

Inventory:

Hand Weapons
 u - a +2 demon blade of venom
 M - a +1 flail of holy wrath
 N - a +5 vampiric long sword
 W - the +8 whip "Snakebite" (weapon) {curare, rPois}
   (You found it on level 4 of the Lair of Beasts)

   It poisons the flesh of those it strikes.
   It protects you from poison.
 Y - the +10 scimitar of the Evil Eye {vorpal, rF+ Str+4 Dex-5}
   (You took it off a merfolk javelineer on level 4 of the Shoals)

   It inflicts extra damage upon your enemies.
   It affects your strength (+4).
   It affects your dexterity (-5).
   It protects you from fire.
 Z - the +8 dagger "Dragonslayer" {venom, Will++ Int+3}
   (You found it on level 1 of the Spider Nest)

   It poisons the flesh of those it strikes.
   It affects your intelligence (+3).
   It affects your willpower, your defense against some magical effects.
Missiles
 H - 10 throwing nets (quivered)
Armour
 a - a +2 buckler of protection (worn)
 x - a +2 pair of boots (worn)
 y - a +4 scale mail of cold resistance (worn)
 T - a +0 pair of gloves (worn)
 U - a +0 cloak (worn)
Jewellery
 e - the ring "Ecaal" {Fire +Fly rPois Str-4 Slay+4}
   (You acquired it on level 13 of the Dungeon)

   [ring of fire]

   It enhances your fire magic.
   It affects your strength (-4).
   It affects your accuracy and damage with ranged weapons and melee attacks
   (+4).
   It protects you from fire.
   It makes you vulnerable to cold.
   It protects you from poison.
   It lets you fly.
 k - a ring of flight
 s - a ring of protection from cold
 B - an amulet of regeneration
 E - a ring of willpower
 G - the ring of Nys Jic {Str+6 Dex+4}
   (You found it in an ice cave)

   [ring of strength]

   It affects your strength (+6).
   It affects your dexterity (+4).
 L - a ring of wizardry (right hand)
 O - a +6 ring of intelligence (left hand)
 Q - the amulet "Riqyr" {RegenMP Str+5 Slay+2}
   (You found it on level 1 of the Lair of Beasts)

   [amulet of magic regeneration]

   It increases your magic regeneration.
   It affects your strength (+5).
   It affects your accuracy and damage with ranged weapons and melee attacks
   (+2).
 V - an amulet of reflection (around neck)
Wands
 n - a wand of iceblast (9)
 o - a wand of charming (11)
 F - a wand of flame (66)
 P - a wand of paralysis (26)
 R - a wand of digging (2)
Scrolls
 g - 2 scrolls of enchant weapon
 i - 4 scrolls of enchant armour
 l - 14 scrolls of teleportation
 m - a scroll of fog
 q - 5 scrolls of blinking
 v - 12 scrolls of identify
 w - 4 scrolls of fear
 A - 6 scrolls of amnesia
 C - a scroll of immolation
 J - a scroll of silence
Potions
 c - 10 potions of curing
 d - 3 potions of flight
 f - 3 potions of might
 h - a potion of attraction
 j - a potion of berserk rage
 r - 2 potions of ambrosia
 t - 2 potions of mutation
 z - 2 potions of cancellation
 D - a potion of haste
 I - 4 potions of brilliance
 K - 6 potions of lignification
 X - a potion of magic
Miscellaneous
 b - a box of beasts (inert)


   Skills:
 + Level 11.3 Fighting
 + Level 12.1 Short Blades
 + Level 11.3 Long Blades
 + Level 11.3 Axes
 + Level 11.3 Maces & Flails
 + Level 11.3 Polearms
 + Level 11.3 Staves
 + Level 11.3 Slings
 + Level 11.3 Bows
 + Level 11.3 Crossbows
 + Level 11.3 Throwing
 + Level 11.3 Armour
 + Level 11.3 Dodging
 + Level 12.0 Stealth
 + Level 11.3 Shields
 + Level 11.3 Unarmed Combat
 + Level 11.6 Spellcasting
 + Level 9.7 Conjurations
 + Level 9.7 Hexes
 + Level 9.7 Summonings
 + Level 9.7 Necromancy
 + Level 9.7 Translocations
 + Level 9.7 Transmutations
 + Level 11.8 Fire Magic
 + Level 9.7 Ice Magic
 + Level 9.7 Air Magic
 + Level 9.7 Earth Magic
 + Level 9.7 Poison Magic
 + Level 12.2 Invocations
 + Level 11.6 Evocations


You had 12 spell levels left.
You knew the following spells:

 Your Spells              Type           Power        Failure   Level
a - Summon Forest         Summ/Tloc      26%          3%          5
b - Passwall              Tmut/Erth      43%          1%          2
c - Frozen Ramparts       Ice            100%         1%          3
d - Ozocubu's Armour      Ice            52%          1%          3
e - Mephitic Cloud        Conj/Pois/Air  52%          1%          3
f - Poisonous Vapours     Pois/Air       100%         1%          2
g - Summon Lightning Spi  Summ/Air       52%          1%          4
h - Bolt of Magma         Conj/Fire/Erth 27%          2%          5

Your spell library contained the following spells:

 Spells                   Type           Power        Failure   Level
 Animate Skeleton         Necr           100%         1%          1
 Apportation              Tloc           100%         1%          1
 Corona                   Hex            57%          1%          1
 Foxfire                  Conj/Fire      100%         1%          1
 Freeze                   Ice            100%         1%          1
 Pain                     Necr           100%         1%          1
 Sandblast                Erth           100%         1%          1
 Shock                    Conj/Air       100%         1%          1
 Summon Small Mammal      Summ           100%         1%          1
 Call Imp                 Summ           52%          1%          2
 Ensorcelled Hibernation  Hex/Ice        100%         1%          2
 Sublimation of Blood     Necr           26%          1%          2
 Swiftness                Air            52%          1%          2
 Wereblood                Tmut           52%          1%          2
 Call Canine Familiar     Summ           52%          1%          3
 Conjure Flame            Conj/Fire      55%          1%          3
 Ignite Poison            Fire/Tmut/Pois 54%          1%          3
 Static Discharge         Conj/Air       52%          1%          3
 Stone Arrow              Conj/Erth      100%         1%          3
 Summon Guardian Golem    Hex/Summ       52%          1%          3
 Vampiric Draining        Necr           26%          1%          3
 Airstrike                Air            26%          1%          4
 Animate Armour           Summ/Erth      100%         1%          4
 Hailstorm                Conj/Ice       52%          1%          4
 Ice Form                 Ice/Tmut       52%          1%          4
 Petrify                  Tmut/Erth      52%          1%          4
 Summon Ice Beast         Ice/Summ       52%          1%          4
 Alistair's Intoxication  Tmut/Pois      34%          3%          5
 Borgnjor's Vile Clutch   Necr/Erth      26%          3%          5
 Excruciating Wounds      Necr           26%          3%          5
 Irradiate                Conj/Tmut      26%          3%          5
 Lee's Rapid Deconstruct  Erth           26%          3%          5
 Lightning Bolt           Conj/Air       26%          3%          5
 Metabolic Englaciation   Hex/Ice        26%          3%          5
 Silence                  Hex/Air        26%          3%          5
 Summon Mana Viper        Hex/Summ       52%          3%          5
 Eringya's Noxious Bog    Tmut/Pois      26%          17%         6
 Freezing Cloud           Conj/Ice/Air   26%          17%         6
 Hydra Form               Tmut           26%          17%         6
 Shadow Creatures         Summ           N/A          17%         6
 Simulacrum               Ice/Necr       26%          17%         6
 Statue Form              Tmut/Erth      34%          17%         6
 Dragon Form              Tmut           26%          65%         7
 Ozocubu's Refrigeration  Ice            26%          65%         7
 Summon Hydra             Summ           26%          65%         7


Dungeon Overview and Level Annotations

Branches:
Dungeon (13/15)            Temple (0/1) D:7            Lair (6/6) D:9
 Shoals (4/4) Lair:2       Spider (2/4) Lair:2        Slime (0/5) Lair:6
    Orc (2/2) D:9             Elf (0/3) Orc:2        Vaults (0/5) D:13
 Bailey (visited)           IceCv (visited)

Altars:
Dithmenos
Fedhas
Gozag
Makhleb
Qazlal
Ru
Sif Muna
Vehumet
Xom
Yredelemnul
Beogh
Jiyva

Shops:
D:8 :   D:11 =[:[   Orc:2 :([*   Shoals:3 *

Annotations:
D:4 exclusion: statue
D:5 3 runed translucent doors, Toastz's ghost, novice SpEn
D:7 3 runed translucent doors, Montycc's ghost, novice DEFE
D:8 1 runed translucent door, yakattack's ghost, novice GnWz
Lair:2 exclusion: downstairs
Lair:4 exclusion: downstairs
Shoals:3 exclusion: ice statue
Spider:1 2 transporters, Fotir's ghost, journeyman DsWn


Innate Abilities, Weirdness & Mutations

Your experience applies equally to all skills.
You have very sharp teeth.
Your uncanny sense of smell can sniff out nearby items.


Message History

You feel yourself slow down.
There is a stone staircase leading down, spattered with blood here.
You are too confused!
You fade into invisibility!
The tarantella bites you but does no damage.
The demonic crawler hits you but does no damage. x3
The tarantella closely misses you. The demonic crawler misses you.
The demonic crawler hits you but does no damage.
The demonic crawler closely misses you.
You are very lightly contaminated with residual magic.
The demonic crawler hits you but does no damage. x3
The demonic crawler hits you but does no damage.
The demonic crawler barely misses you. x2
The demonic crawler hits you but does no damage.
The demonic crawler hits you.
* * * LOW HITPOINT WARNING * * *
The demonic crawler hits you but does no damage.
You barely miss the demonic crawler.
The demonic crawler is moderately wounded.
The demonic crawler barely misses you. The demonic crawler hits you.
* * * LOW HITPOINT WARNING * * *
The demonic crawler hits you but does no damage.
Unknown command.
The demonic crawler hits you but does no damage.
The demonic crawler barely misses you. The demonic crawler hits you.
* * * LOW HITPOINT WARNING * * *
The demonic crawler hits you.
* * * LOW HITPOINT WARNING * * *
The demonic crawler hits you!
* * * LOW HITPOINT WARNING * * *
The demonic crawler hits you but does no damage.
You are more confused.
You feel invigorated. The wolf spider hits you!
* * * LOW HITPOINT WARNING * * *
The wolf spider bites you but does no damage.
The demonic crawler hits you but does no damage.
The demonic crawler barely misses you. The demonic crawler misses you.
The tarantella closely misses you. The wolf spider hits you!
You die...
Your body crumbles into a pile of gold.

...#...#.###........####
#..........#.##........##
...[#...#...............#
..#####....#..#..#..#...#
### #.......#..#.#...####
#.....#^..##......#
##...#....#^..^..##
#...###...ss.#..#
##..=...>#s@.#.##
##.#....##...##
#...#..#....##
##..#......###
##......#...^#
#...#.##....##
##...#####.## #.....##
### #.#....##


You could see a demonic crawler, a wolf spider and a tarantella.

Vanquished Creatures
  Jorgrun (D:13)
  Rupert (D:12)
  Gastronok (D:10)
  An orc warlord (Orc:2)
  An entropy weaver (Spider:1)
  4 dire elephants (Lair:6)
  Snorg (D:11)
  5 merfolk javelineers
  6 merfolk impalers
  Erolcha (Orc:1)
  A boulder beetle (Lair:6)
  Fannar (D:10)
  2 merfolk avatars
  A catoblepas (Lair:5)
  An ice dragon (D:11)
  5 merfolk aquamancers
  3 hydras
  3 vault guards (D:13)
  3 satyrs
  An anaconda (Lair:6)
  2 two-headed ogres
  2 orc high priests (Orc:2)
  6 death yaks
  Sonja (Lair:6)
  6 sea snakes
  An unseen horror (D:12)
  A lindwurm (Lair:6)
  2 wolf spiders (Spider:1)
  2 orc knights
  4 harpies
  An oklob plant (Lair:5)
  4 orc sorcerers
  2 orb spiders (Spider:1)
  4 manticores
  3 cyclopes
  6 fauns
  8 elephants
  An ice statue (IceCv)
  4 merfolk sirens
  8 black mambas
  A water nymph (Shoals:1)
  7 cane toads
  2 demonic crawlers (Spider:1)
  3 komodo dragons
  11 trolls
  19 polar bears
  5 jumping spiders
  19 merfolk
  8 dream sheep
  7 snapping turtles
  13 blink frogs
  4 wind drakes
  13 redbacks (Spider:1)
  Sigmund (D:6)
  A spriggan (Lair:3)
  14 water elementals
  3 basilisks
  A shadow (D:12)
  6 humans (D:13)
  Grum (D:10)
  3 wyverns
  8 tarantellas
  51 yaks
  2 vampire mosquitoes (D:12)
  A steam dragon (Lair:3)
  2 wargs (D:9)
  Duvessa (D:7)
  17 water moccasins
  4 sky beasts
  2 black bears
  5 ice beasts
  A necrophage (D:8)
  17 orc warriors
  8 ogres
  24 wolves
  6 centaurs
  4 phantoms
  2 kobold brigands
  A gnoll sergeant (D:10)
  14 bullfrogs
  A wyvern skeleton (D:10)
  4 scorpions
  Dowan (D:7)
  12 killer bees
  2 howler monkeys
  An electric eel (Lair:5)
  3 bullfrog zombies
  A jelly (D:13)
  10 hounds
  12 orc priests
  A centaur skeleton (D:4)
  Ijyb (D:3)
  A bullfrog skeleton (D:8)
  An iguana (D:9)
  10 orc wizards
  7 hell rats
  9 worker ants
  A hound zombie (D:8)
  8 gnolls
  9 adders
  3 river rats (Lair:5)
  A shadow imp (D:5)
  5 white imps
  2 ufetubi
  2 oozes
  An adder skeleton (D:8)
  A worm (D:4)
  A dart slug (D:1)
  3 leopard geckos
  48 orcs
  5 bats
  3 giant cockroaches
  14 goblins
  6 hobgoblins
  9 jackals
  30 kobolds
  A quokka (D:6)
  8 frilled lizards
  A jackal skeleton (D:6)
  3 quokka skeletons
  10 rats
675 creatures vanquished.

Vanquished Creatures (collateral kills)
  Mara (Shoals:3)
  Frances (Shoals:1)
  A frost giant (IceCv)
  3 merfolk javelineers (Shoals:4)
  4 merfolk impalers
  A merfolk avatar (Shoals:4)
  An alligator snapping turtle (Shoals:4)
  A two-headed ogre (D:10)
  3 satyrs
  Urug (Lair:5)
  An orc high priest (Orc:2)
  A death yak (Lair:2)
  4 sea snakes
  A deep elf pyromancer (D:13)
  An orc knight (Orc:2)
  2 oklob plants (Lair:5)
  2 wolf spiders
  10 fauns
  3 harpies
  3 cyclopes
  4 orc sorcerers (Orc:2)
  5 manticores
  3 merfolk sirens
  4 elephants
  3 black mambas
  3 water nymphs
  A torpor snail (Lair:5)
  2 cane toads
  A komodo dragon (Lair:5)
  8 polar bears
  4 wind drakes
  A hornet (Spider:2)
  19 merfolk
  6 blink frogs
  2 jumping spiders
  7 dream sheep
  6 snapping turtles
  14 redbacks
  A wyvern (D:13)
  A shadow (D:12)
  7 water elementals
  4 tarantellas
  A nameless horror (Shoals:4)
  9 yaks
  4 basilisks
  3 humans (D:13)
  3 wargs
  5 water moccasins
  10 orc warriors
  An ice beast (D:12)
  A black bear (D:12)
  6 wolves
  4 ogres
  A centaur (Shoals:1)
  2 kobold brigands
  A bullfrog (Lair:1)
  A scorpion (Lair:2)
  A howler monkey (D:9)
  5 orc priests
  A hell rat (Lair:5)
  4 orc wizards
  A worker ant zombie (D:11)
  An adder (D:9)
  9 river rats (Lair:5)
  23 orcs
  2 kobolds (D:12)
  A foxfire (D:9)
251 creatures vanquished.

Vanquished Creatures (others)
  A sea snake (Shoals:4)
  A manticore (Shoals:1)
  A merfolk (Shoals:2)
  2 orcs (Orc:2)
  2 bushes
  632 foxfires
  73 fungi
  140 plants
  14 snaplasher vines
866 creatures vanquished.

Grand Total: 1792 creatures vanquished

Notes
Turn   | Place    | Note
-------+----------+-------------------------------------------
     0 | D:1      | GeorgeSoros the Gnoll Wanderer began the quest for the Orb.
     0 | D:1      | GeorgeSoros set off with the following items: a +2 dagger,
                  | a scroll of fear, a +0 robe; and the following spell
                  | memorised: Foxfire; and the following spells available to
                  | memorise: Conjure Flame, Passwall, Wereblood
     0 | D:1      | Reached XP level 1. HP: 13/13 MP: 4/4
   118 | D:1      | Reached XP level 2. HP: 19/19 MP: 2/5
   245 | D:1      | Reached XP level 3. HP: 25/25 MP: 0/7
  1151 | D:2      | Reached skill level 1 in Invocations
  1366 | D:2      | Reached skill level 1 in Fighting
  1366 | D:2      | Reached skill level 1 in Long Blades
  1366 | D:2      | Reached skill level 1 in Axes
  1366 | D:2      | Reached skill level 1 in Maces & Flails
  1366 | D:2      | Reached skill level 1 in Polearms
  1366 | D:2      | Reached skill level 1 in Staves
  1366 | D:2      | Reached skill level 1 in Slings
  1366 | D:2      | Reached skill level 1 in Bows
  1366 | D:2      | Reached skill level 1 in Crossbows
  1366 | D:2      | Reached skill level 1 in Throwing
  1366 | D:2      | Reached skill level 1 in Armour
  1366 | D:2      | Reached skill level 1 in Dodging
  1366 | D:2      | Reached skill level 1 in Shields
  1366 | D:2      | Reached skill level 1 in Unarmed Combat
  1370 | D:2      | Found a burning altar of Makhleb.
  1400 | D:2      | Found a shimmering blue altar of Sif Muna.
  1859 | D:3      | Reached XP level 4. HP: 32/32 MP: 2/8
  1940 | D:3      | Reached skill level 1 in Conjurations
  1940 | D:3      | Reached skill level 1 in Hexes
  1940 | D:3      | Reached skill level 1 in Summonings
  1940 | D:3      | Reached skill level 1 in Necromancy
  1940 | D:3      | Reached skill level 1 in Translocations
  1940 | D:3      | Reached skill level 1 in Transmutations
  1940 | D:3      | Reached skill level 1 in Ice Magic
  1940 | D:3      | Reached skill level 1 in Air Magic
  1940 | D:3      | Reached skill level 1 in Earth Magic
  1940 | D:3      | Reached skill level 1 in Poison Magic
  2023 | D:3      | Reached XP level 5. HP: 37/37 MP: 6/9
  2639 | D:3      | Noticed Ijyb
  2986 | D:3      | Killed Ijyb
  3193 | D:4      | Found a radiant altar of Vehumet.
  3193 | D:4      | Noticed a frost-covered statue
  3194 | D:4      | Noticed an ogre
  3211 | D:4      | Killed an ogre
  3212 | D:4      | Reached XP level 6. HP: 44/44 MP: 0/11
  3435 | D:4      | Reached skill level 5 in Short Blades
  3505 | D:4      | Found a blossoming altar of Fedhas.
  3506 | D:4      | Found a shimmering blue altar of Sif Muna.
  3836 | D:4      | Reached XP level 7. HP: 50/50 MP: 7/12
  3838 | D:4      | Found a shimmering altar of Xom.
  4042 | D:4      | Found a sacrificial altar of Ru.
  4729 | D:5      | Entered Level 5 of the Dungeon
  4736 | D:4      | Found an opulent altar of Gozag.
  4736 | D:4      | Found a shadowy altar of Dithmenos.
  4751 | D:4      | Became a worshipper of Gozag Ym Sagoz the Greedy
  4907 | D:5      | Found a runed translucent gate.
  4910 | D:5      | Found a runed translucent gate.
  4910 | D:5      | Found a runed translucent gate.
  4910 | D:5      | Noticed Toastz's ghost (novice SpEn)
  4919 | D:5      | Identified a scroll of acquirement
  5078 | D:5      | Reached skill level 5 in Stealth
  5141 | D:5      | Found a basalt altar of Yredelemnul.
  5146 | D:5      | Found a stormy altar of Qazlal.
  5153 | D:5      | Acquired the Tome of Stones and Stolen Souls
  5402 | D:5      | Noticed a yak
  5453 | D:5      | Learned a level 2 spell: Passwall
  5604 | D:5      | Killed a yak
  5605 | D:5      | Reached XP level 8. HP: 37/57 MP: 4/14
  6178 | D:6      | Noticed Sigmund
  6254 | D:6      | Killed Sigmund
  7094 | D:6      | Reached XP level 9. HP: 61/65 MP: 16/16
  7166 | D:7      | Learned a level 3 spell: Frozen Ramparts
  7172 | D:7      | Found a flagged portal.
  7283 | D:7      | Reached skill level 5 in Spellcasting
  7356 | Bailey   | Entered a bailey
  7607 | Bailey   | Reached skill level 5 in Evocations
  7707 | Bailey   | Found a burning altar of Makhleb.
  7784 | D:7      | Noticed Dowan
  7801 | D:7      | Killed Dowan
  7809 | D:7      | Learned a level 3 spell: Ozocubu's Armour
  8116 | D:7      | Reached skill level 5 in Invocations
  8208 | D:7      | Noticed Duvessa
  8228 | D:7      | Killed Duvessa
  8342 | D:7      | Found a staircase to the Ecumenical Temple.
  8596 | D:7      | Found a runed translucent gate.
  8596 | D:7      | Found a runed translucent gate.
  8596 | D:7      | Found a runed translucent gate.
  8597 | D:7      | Noticed Montycc's ghost (novice DEFE)
  8599 | D:7      | Identified the +11 great mace "Xygirofo" {elec, *Drain
                  | rElec rN+ Stlth+}
  8603 | D:7      | Found a roughly hewn altar of Beogh.
  8878 | D:8      | Reached XP level 10. HP: 73/73 MP: 10/18
  9094 | D:8      | Found Siemor's Book Shop.
  9375 | D:8      | Reached skill level 5 in Fighting
  9375 | D:8      | Reached skill level 5 in Long Blades
  9375 | D:8      | Reached skill level 5 in Axes
  9375 | D:8      | Reached skill level 5 in Maces & Flails
  9375 | D:8      | Reached skill level 5 in Polearms
  9375 | D:8      | Reached skill level 5 in Staves
  9375 | D:8      | Reached skill level 5 in Slings
  9375 | D:8      | Reached skill level 5 in Bows
  9375 | D:8      | Reached skill level 5 in Crossbows
  9375 | D:8      | Reached skill level 5 in Throwing
  9375 | D:8      | Reached skill level 5 in Armour
  9375 | D:8      | Reached skill level 5 in Dodging
  9375 | D:8      | Reached skill level 5 in Shields
  9375 | D:8      | Reached skill level 5 in Unarmed Combat
  9492 | D:8      | Acquired a book of Clouds
  9498 | D:8      | Learned a level 3 spell: Mephitic Cloud
  9501 | D:8      | Learned a level 2 spell: Poisonous Vapours
  9744 | D:8      | Bought a book of Callings for 330 gold pieces
  9749 | D:8      | Learned a level 4 spell: Summon Lightning Spire
  9782 | D:8      | Found a shimmering altar of Xom.
  9782 | D:8      | Noticed yakattack's ghost (novice GnWz)
  9783 | D:8      | Found a runed translucent door.
  9783 | D:8      | Noticed a +2 mace of chaos
 10020 | D:9      | Noticed a two-headed ogre
 10032 | D:9      | Killed a two-headed ogre
 10821 | D:9      | Reached XP level 11. HP: 81/81 MP: 12/20
 10987 | D:9      | Found a staircase to the Lair.
 11155 | D:9      | Found a staircase to the Orcish Mines.
 11243 | Lair:1   | Entered Level 1 of the Lair of Beasts
 11279 | Lair:1   | Reached skill level 5 in Conjurations
 11279 | Lair:1   | Reached skill level 5 in Hexes
 11279 | Lair:1   | Reached skill level 5 in Summonings
 11279 | Lair:1   | Reached skill level 5 in Necromancy
 11279 | Lair:1   | Reached skill level 5 in Translocations
 11279 | Lair:1   | Reached skill level 5 in Transmutations
 11279 | Lair:1   | Reached skill level 5 in Ice Magic
 11279 | Lair:1   | Reached skill level 5 in Air Magic
 11279 | Lair:1   | Reached skill level 5 in Earth Magic
 11279 | Lair:1   | Reached skill level 5 in Poison Magic
 11454 | Lair:1   | Learned a level 5 spell: Bolt of Magma
 11602 | Lair:1   | Identified the amulet "Riqyr" {RegenMP Str+5 Slay+2}
 12944 | Lair:2   | Upgraded the game from 0.27-a0-457-gba82baf to
                  | 0.27-a0-460-g297a19d
 12945 | Lair:2   | Noticed a manticore
 12961 | Lair:2   | Killed a manticore
 13471 | Lair:2   | Found a staircase to the Shoals.
 13876 | Lair:3   | Noticed a death yak
 13876 | Lair:3   | Noticed a death yak
 13876 | Lair:3   | Noticed a death yak
 13876 | Lair:3   | Noticed a death yak
 13876 | Lair:3   | Noticed a death yak
 14104 | Lair:3   | Killed a death yak
 14105 | Lair:3   | Reached XP level 12. HP: 69/89 MP: 18/23
 14137 | Lair:2   | Killed a death yak
 14514 | Lair:3   | Noticed a death yak
 14519 | Lair:3   | Killed a death yak
 14524 | Lair:3   | Killed a death yak
 14525 | Lair:3   | Killed a death yak
 14530 | Lair:3   | Killed a death yak
 15986 | Lair:4   | Found the +8 whip "Snakebite" {curare, rPois}
 17258 | Lair:5   | Noticed a catoblepas
 17274 | Lair:5   | Killed a catoblepas
 17471 | Lair:5   | Reached XP level 13. HP: 98/98 MP: 25/25
 17942 | Lair:5   | Noticed Urug
 17954 | Lair:5   | Killed Urug
 18706 | Lair:6   | Entered Level 6 of the Lair of Beasts
 18824 | Lair:6   | Reached skill level 10 in Fire Magic
 19125 | Lair:6   | Found a staircase to the Slime Pits.
 19125 | Lair:6   | Found a viscous altar of Jiyva.
 19580 | Lair:6   | Noticed Sonja
 19586 | Lair:6   | Killed Sonja
 19857 | Lair:6   | Noticed a dire elephant
 19870 | Lair:6   | Killed a dire elephant
 19913 | Lair:6   | Noticed a dire elephant
 19913 | Lair:6   | Noticed a dire elephant
 19958 | Lair:6   | Killed a dire elephant
 19969 | Lair:6   | Killed a dire elephant
 20284 | Lair:6   | Reached XP level 14. HP: 100/106 MP: 12/27
 20364 | Lair:6   | Noticed a dire elephant
 20378 | Lair:6   | Killed a dire elephant
 20379 | Lair:6   | Reached skill level 10 in Short Blades
 20610 | Orc:1    | Entered Level 1 of the Orcish Mines
 21121 | Orc:2    | Entered Level 2 of the Orcish Mines
 21123 | Orc:2    | Found a roughly hewn altar of Beogh.
 21133 | Orc:2    | Found a staircase to the Elven Halls.
 21683 | Orc:2    | Found Apowkoihoja's Antique Armour Emporium.
 21694 | Orc:2    | Reached skill level 10 in Stealth
 21734 | Orc:2    | Noticed an orc warlord
 21740 | Orc:2    | Found Teecron's Antique Weapon Shop.
 21903 | Orc:2    | Killed an orc warlord
 21924 | Orc:2    | Reached skill level 10 in Invocations
 22091 | Orc:2    | Found Junyle's Book Emporium.
 22244 | Orc:2    | Bought an iridescent short sword for 128 gold pieces
 22244 | Orc:2    | Identified the +7 short sword "Saw Hene" {chaos, Str+2
                  | Dex+5} (You bought it in a shop on level 2 of the Orcish
                  | Mines)
 22438 | Orc:2    | Found Etonaji's General Store.
 22454 | Orc:2    | Bought a potion of heal wounds for 75 gold pieces
 23228 | Orc:1    | Noticed Erolcha
 23247 | Orc:1    | Killed Erolcha
 23596 | D:10     | Entered Level 10 of the Dungeon
 23675 | D:10     | Noticed Gastronok
 23691 | D:10     | Killed Gastronok
 24307 | D:10     | Noticed Fannar
 24315 | D:10     | Killed Fannar
 24644 | D:10     | Noticed Grum
 24649 | D:10     | Killed Grum
 25362 | D:11     | Found Wusaimef's Book Boutique.
 25392 | D:11     | Found Uzaegg's Jewellery Shoppe.
 25394 | D:11     | Found Gimesm's Armour Shop.
 25399 | D:11     | Bought a +1 buckler of protection for 231 gold pieces
 25472 | D:11     | Noticed Snorg
 25480 | D:11     | Killed Snorg
 25493 | D:11     | Found a frozen archway.
 25559 | IceCv    | Entered an ice cave
 25586 | IceCv    | Reached skill level 10 in Spellcasting
 25744 | IceCv    | Reached skill level 10 in Evocations
 25904 | IceCv    | Reached XP level 15. HP: 108/115 MP: 27/29
 26189 | IceCv    | Noticed a frost giant
 26573 | IceCv    | Killed a frost giant
 26578 | IceCv    | Identified the ring of Nys Jic {Str+6 Dex+4}
 27142 | D:11     | Found Olausow's Armour Shoppe.
 27150 | D:11     | Bought a +2 buckler of protection for 322 gold pieces
 28121 | D:12     | Noticed Rupert
 28133 | D:12     | Killed Rupert
 28724 | D:13     | Reached skill level 10 in Fighting
 28724 | D:13     | Reached skill level 10 in Long Blades
 28724 | D:13     | Reached skill level 10 in Axes
 28724 | D:13     | Reached skill level 10 in Maces & Flails
 28724 | D:13     | Reached skill level 10 in Polearms
 28724 | D:13     | Reached skill level 10 in Staves
 28724 | D:13     | Reached skill level 10 in Slings
 28724 | D:13     | Reached skill level 10 in Bows
 28724 | D:13     | Reached skill level 10 in Crossbows
 28724 | D:13     | Reached skill level 10 in Throwing
 28724 | D:13     | Reached skill level 10 in Armour
 28724 | D:13     | Reached skill level 10 in Dodging
 28724 | D:13     | Reached skill level 10 in Shields
 28724 | D:13     | Reached skill level 10 in Unarmed Combat
 28733 | D:13     | Noticed Jorgrun
 28744 | D:13     | Killed Jorgrun
 28950 | D:13     | Found a gate to the Vaults.
 29187 | D:13     | Acquired the ring "Ecaal" {Fire +Fly rPois Str-4 Slay+4}
 29811 | Shoals:1 | Entered Level 1 of the Shoals
 30147 | Shoals:1 | Noticed Frances
 30174 | Shoals:1 | Killed Frances
 31077 | Shoals:1 | Learned a level 5 spell: Summon Forest
 32528 | Shoals:2 | Reached XP level 16. HP: 99/123 MP: 18/30
 33469 | Shoals:3 | Found Qegocru's Assorted Antiques.
 34026 | Shoals:3 | Bought a potion of heal wounds for 160 gold pieces
 34090 | Shoals:3 | Identified the +6 rapier "Fofyenyb" {venom, Dex+7}
 35738 | Shoals:4 | Entered Level 4 of the Shoals
 36047 | Shoals:4 | Noticed Mara
 36062 | Shoals:4 | Noticed GeorgeSoros's illusion
 36503 | Shoals:4 | Noticed GeorgeSoros's illusion
 36814 | Shoals:4 | Noticed GeorgeSoros's illusion
 36896 | Shoals:4 | Noticed GeorgeSoros's illusion
 36929 | Shoals:3 | Killed Mara
 38216 | Shoals:4 | Identified the +6 falchion "Edudaf" {drain, *Noise +Rage
                  | +Fly}
 38645 | Shoals:4 | Identified the +10 scimitar of the Evil Eye {vorpal, rF+
                  | Str+4 Dex-5}
 39120 | Shoals:4 | Identified the +6 shortbow of Demonkind {venom, rN+ MP-9
                  | Dex+3 Stlth+}
 39261 | Shoals:4 | Reached XP level 17. HP: 58/131 MP: 4/32
 39565 | Shoals:4 | Got a barnacled rune of Zot
 39755 | Spider:1 | Entered Level 1 of the Spider Nest
 40277 | Spider:1 | Identified the +8 dagger "Dragonslayer" {venom, Will++
                  | Int+3}
 40332 | Spider:1 | Found a transporter.
 40337 | Spider:1 | Noticed Fotir's ghost (journeyman DsWn)
 40367 | Spider:1 | Found a transporter.
 41376 | Spider:1 | HP: 5/131 [wolf spider (7)]
 41376 | Spider:1 | Slain by a wolf spider

Illustrated notes

Levels and vault maps discovered:
D:1:      dpeg_arrival_ternary, layout_rooms, minmay_misc_feat_room,
          minmay_ruptured
D:2:      layout_loops_cross, lemuel_round_altar, led_sif_pool
D:3:      layout_loops_cross, uniq_ijyb
D:4:      layout_loops_ring, nicolae_ru_path_of_blood, vehumet_statue,
          nicolae_overflow_hidden_temple, xom_teletrap_fun
D:5:      layout_cave_pools, yredelemnul_altar_generic, lemuel_crystal_altar,
          gammafunk_ghost_split, minmay_puff
D:6:      layout_loops_corners, serial_bayou_pond_e, uniq_sigmund
D:7:      layout_cave_pools, temple_fountains, biasface_ghost_orc_armoury,
          enter_bailey_6, uniq_duvessa
D:8:      layout_basic, ebering_ghost_xom, serial_shops, shop
D:9:      layout_roguey, minmay_lair_entry_grove, minmay_orc_entry_guard_dogs,
          blue_anna_alchemist [blue_anna_fruit_fields, blue_anna_fruit_fields]
D:10:     layout_stronghold, uniq_grum, uniq_fannar, uniq_gastronok
D:11:     layout_long_grid, serial_shops, kennysheep_little_box, shop, shop,
          shop, portal_ice_cave_entry_animals_and_master, uniq_snorg
D:12:     layout_rooms, uniq_rupert
D:13:     layout_long_grid, ximxim_vaults_locker_room, uniq_jorgrun
Lair:1:   layout_roguey
Lair:2:   layout_loops_ring, minmay_shoals_entry_beasts, spider_nest_entry_a,
          grunt_megastairs_3
Lair:3:   layout_loops_ring, grunt_forest_stairs_clearing, lemuel_fruit_tree,
          grunt_megastairs_5
Lair:4:   minmay_guarded_unrand_snakebite, layout_gridlike
Lair:5:   dpeg_oklob_gauntlet, layout_misc_corridors, kennysheep_rathole,
          serial_bayou_shore_a, lemuel_fruit_fields, uniq_urug
Lair:6:   due_jungle_book, layout_regular_city, slime_altar_1, uniq_sonja
Shoals:1: layout_shoals, uniq_frances
Shoals:2: layout_shoals
Shoals:3: layout_shoals, serial_shops, shop, overgrown_statue
Shoals:4: shoals_end_simple, layout_shoals, uniq_mara
Spider:1: layout_spider_delve, gammafunk_ghost_berserking_beasts
Spider:2: layout_spider_delve, nicolae_spider_cling_ruins
Orc:1:    layout_diamond_mine, uniq_erolcha
Orc:2:    grunt_orc_gardens, layout_caves, grunt_orc_garden, grunt_orc_garden,
          grunt_orc_garden, grunt_orc_garden, basic_altar, minmay_orc_keep

Skill      XL: |  1  2  3  4  5  6  7  8  9 10 11 12 13 14 15 16 17 |
---------------+----------------------------------------------------+-----
Invocations    | 1 2 3 4 5 6 7 8 9 10 11 12 | 12.2
Fighting       | 1 2 3 4 5 6 7 8 9 10 11 | 11.3
Long Blades    | 1 2 3 4 5 6 7 8 9 10 11 | 11.3
Axes           | 1 2 3 4 5 6 7 8 9 10 11 | 11.3
Maces & Flails | 1 2 3 4 5 6 7 8 9 10 11 | 11.3
Polearms       | 1 2 3 4 5 6 7 8 9 10 11 | 11.3
Staves         | 1 2 3 4 5 6 7 8 9 10 11 | 11.3
Slings         | 1 2 3 4 5 6 7 8 9 10 11 | 11.3
Bows           | 1 2 3 4 5 6 7 8 9 10 11 | 11.3
Crossbows      | 1 2 3 4 5 6 7 8 9 10 11 | 11.3
Throwing       | 1 2 3 4 5 6 7 8 9 10 11 | 11.3
Armour         | 1 2 3 4 5 6 7 8 9 10 11 | 11.3
Dodging        | 1 2 3 4 5 6 7 8 9 10 11 | 11.3
Shields        | 1 2 3 4 5 6 7 8 9 10 11 | 11.3
Unarmed Combat | 1 2 3 4 5 6 7 8 9 10 11 | 11.3
Spellcasting   | 3 4 5 6 7 8 9 10 11 | 11.6
Conjurations   | 1 2 3 4 5 6 7 8 9 |  9.7
Hexes          | 1 2 3 4 5 6 7 8 9 |  9.7
Summonings     | 1 2 3 4 5 6 7 8 9 |  9.7
Necromancy     | 1 2 3 4 5 6 7 8 9 |  9.7
Translocations | 1 2 3 4 5 6 7 8 9 |  9.7
Transmutations | 1 2 3 4 5 6 7 8 9 |  9.7
Ice Magic      | 1 2 3 4 5 6 7 8 9 |  9.7
Air Magic      | 1 2 3 4 5 6 7 8 9 |  9.7
Earth Magic    | 1 2 3 4 5 6 7 8 9 |  9.7
Poison Magic   | 1 2 3 4 5 6 7 8 9 |  9.7
Evocations     | 3 4 5 6 7 8 9 10 11 | 11.6
Short Blades   | 5 6 7 8 9 10 11 12 | 12.1
Stealth        | 5 6 7 8 9 10 11 12 | 12.0
Fire Magic     | 8 9 10 11 | 11.8

Action                   |  1- 3 |  4- 6 |  7- 9 | 10-12 | 13-15 | 16-18 || total
-------------------------+-------+-------+-------+-------+-------+-------++-------
Melee: Dagger            |    20 |    82 |   151 |   182 |       |       ||   435
       Bite              |       |     8 |    11 |    46 |   114 |    61 ||   240
       Punch             |       |       |     1 |       |       |       ||     1
       Long sword        |       |       |       |   159 |       |       ||   159
       Whip              |       |       |       |    42 |   860 |   564 ||  1466
 Fire: Hunting sling     |       |       |    25 |    10 |       |       ||    35
 Cast: Foxfire           |    51 |    85 |   231 |    33 |       |       ||   400
       Passwall          |       |       |     2 |       |       |       ||     2
       Frozen Ramparts   |       |       |    10 |    56 |    61 |     4 ||   131
       Ozocubu's Armour  |       |       |     1 |    20 |    31 |     3 ||    55
       Summon Lightning  |       |       |       |    44 |   136 |    64 ||   244
       Mephitic Cloud    |       |       |       |    18 |    26 |    11 ||    55
       Poisonous Vapours |       |       |       |     8 |     4 |       ||    12
       Bolt of Magma     |       |       |       |    24 |    57 |    22 ||   103
       Summon Forest     |       |       |       |       |    11 |    57 ||    68
 Abil: Evoke Flight      |     1 |       |       |       |       |       ||     1
Evoke: Box of beasts     |       |       |       |       |       |     2 ||     2
  Use: Scroll            |     8 |     1 |     8 |    16 |     6 |     5 ||    44
       Potion            |       |       |     1 |     2 |     5 |    19 ||    27
 Stab: Sleeping          |     2 |     4 |     1 |     3 |     9 |     1 ||    20
       Distracted        |       |       |     1 |     8 |    17 |    16 ||    42
       Confused          |       |       |       |     9 |    13 |     4 ||    26
       Invisible         |       |       |       |     1 |       |       ||     1
Armor: Robe              |    14 |     1 |       |       |       |       ||    15
       Leather armour    |       |    14 |    42 |    47 |       |       ||   103
       Ring mail         |       |       |       |    41 |   154 |       ||   195
       Scale mail        |       |       |       |       |    72 |   269 ||   341
Dodge: Dodged            |    26 |    50 |    79 |   205 |   328 |   327 ||  1015
Block: Buckler           |       |       |       |    69 |   258 |   261 ||   588
       Reflection        |       |       |       |       |     9 |    26 ||    35
       Rpst.: Long sword |       |       |       |    37 |       |       ||    37

Table legend: (Time is in decaauts)
 A = Elapsed time spent in this place.
 B = Non-inter-level travel time spent in this place.
 C = Inter-level travel time spent in this place.
 D = Time resting spent in this place.
 E = Time spent auto-exploring this place.
 F = Levels seen in this place.
 G = Mean time per level.
                   A        B        C        D        E       F      G
               +--------+--------+--------+--------+--------+-----+--------+
         Total |  41134 |  39198 |   1936 |   7278 |  21712 |  29 | 1418.4 |
       Dungeon |  15447 |  14594 |    853 |    656 |  10575 |  13 | 1188.2 |
          Lair |   9838 |   9330 |    508 |   2736 |   3906 |   6 | 1639.7 |
        Shoals |   9504 |   9092 |    412 |   2372 |   4390 |   4 | 2376.0 |
   Spider Nest |   1562 |   1546 |     16 |    661 |    438 |   2 |  781.0 |
  Orcish Mines |   2925 |   2778 |    147 |    456 |   1549 |   2 | 1462.5 |
        Bailey |    408 |    408 |      0 |    131 |     74 |   1 |  408.0 |
      Ice Cave |   1447 |   1447 |      0 |    266 |    779 |   1 | 1447.0 |
               +--------+--------+--------+--------+--------+-----+--------+

Top non-repeatable levels by time:
Shoals:4: 3103 daAuts
Shoals:3: 2493 daAuts
  Lair:2: 2069 daAuts
Shoals:2: 1993 daAuts
Shoals:1: 1913 daAuts
  Lair:4: 1769 daAuts
  Lair:6: 1750 daAuts
    D:10: 1739 daAuts
     D:4: 1630 daAuts
   Orc:1: 1535 daAuts
  Lair:1: 1522 daAuts
Spider:1: 1507 daAuts
  Lair:5: 1470 daAuts
   IceCv: 1447 daAuts
     D:6: 1439 daAuts
